 Dungeon Crawl Stone Soup version 0.31-a0-133-gaae73658be (webtiles) character file.

Game seed: 2563923541158895472

217 Ijustatesigmund the Conjurer (level 5, -1/34 HPs)
             Began as an Octopode Conjurer on June 2, 2023.
             Killed by miscasting Iskenderun's Mystic Blast (8 damage)
             ... on level 3 of the Dungeon.
             The game lasted 00:05:51 (3658 turns).

Ijustatesigmund the Conjurer (Octopode Conjurer)    Turns: 3658, Time: 00:05:52

Health: -1/34      AC:  1    Str:  7    XL:     5   Next: 94%
Magic:  1/10       EV: 13    Int: 22    God:
Gold:   201        SH:  0    Dex: 10    Spells: 4/11 levels left

rFire   . . .        g - +0 short sword
rCold   . . .        (no shield)
rNeg    . . .        (helmet restricted)
rPois   .            (no amulet)
rElec   .            (no ring)
rCorr   .            (no ring)
SInv    .            (no ring)
Will    .....        (no ring)
Stlth   +++          (no ring)
HPRegen 0.25/turn    (no ring)
MPRegen 0.12/turn    (no ring)
                     (no ring)

%: no passive effects
@: very slightly contaminated
A: almost no armour, amphibious, 8 rings, camouflage 1, gelatinous body 1,
(nimble swimmer 1), tentacles
a: no special abilities


You were on level 3 of the Dungeon.
You visited 1 branch of the dungeon, and saw 3 of its levels.

You collected 201 gold pieces.

Inventory:

Hand Weapons
 g - a +0 short sword (weapon)
Wands
 c - a wand of flame (9)
 e - a wand of mindburst (11)
Scrolls
 f - a scroll of teleportation {unknown}
Potions
 a - a potion of magic
 b - 2 potions of haste
 d - a potion of enlightenment {unknown}


   Skills:
 - Level 2.3 Fighting
 - Level 2.0 Dodging
 - Level 2.6 Stealth
 + Level 3.7 Spellcasting
 - Level 4.7 Conjurations
 + Level 2.1 Translocations


You had 4 spell levels left.
You knew the following spells:

 Your Spells              Type           Power      Damage    Failure   Level
a - Magic Dart            Conj           100%       1d8       1%          1
b - Searing Ray           Conj           50%        2d6       2%          2
c - Iskenderun's Mystic   Conj/Tloc      19%        2d6       28%         4

Your spell library contained the following spells:

 Spells                   Type           Power      Damage    Failure   Level
 Dazzling Flash           Conj/Hex       28%        N/A       13%         3
 Vhi's Electric Charge    Tloc/Air       16%        N/A       22%         3
 Fulminant Prism          Conj/Hex       7%         3d7       41%         4
 Arcjolt                  Conj/Air       7%         1d17      77%         5
 Plasma Beam              Fire/Air       2%         2x1d12    100%        6


Dungeon Overview and Level Annotations

Branches:
Dungeon (3/15)

Altars:


Innate Abilities, Weirdness & Mutations

You cannot wear most types of armour.
You are amphibious.
You can wear up to eight rings at the same time.
Your skin changes colour to match your surroundings (Stealth+).
Your rubbery body absorbs attacks. (AC +1, EV +1)
((You are camouflaged when in or above water. (Stealth+)))
You have tentacles for arms and can constrict up to eight enemies at once.


Message History

You climb downwards.
Found 13 gold pieces.
There is a stone staircase leading up here.
There are monsters nearby!
Casting: Searing Ray (safe; 2% risk of failure)
Confirm with . or Enter, or press ? or * to list all spells.
Aiming: Searing Ray (safe; 2% risk of failure)
Press: ? - help, Shift-Dir - straight line, f - orc priest
Aim: an orc priest, wielding a +0 falchion and wearing a +0 leather armour (asleep, 100% to hit)
The searing ray hits the orc priest.
The orc priest is lightly wounded.
The orc priest shouts!
The searing ray hits the orc but does no damage.
The orc shouts! (Press . to maintain the ray.)
The orc shouts! x2
The orc misses you.
A rat comes into view.
The orc priest barely misses you.
The searing ray hits the orc priest!
The orc priest is severely wounded.
The orc hits you with a +0 flail! The orc priest closely misses you.
The orc misses you.
The searing ray hits the orc priest.
The orc priest is severely wounded.
The orc priest closely misses you. The orc barely misses you. x2
The searing ray hits the orc priest!
You kill the orc priest!
You finish channelling your searing ray.
The orc hits you with a +0 flail. The orc hits you with a +0 dagger.
The orc hits you with a +0 short sword. The orc hits you with a +0 club.
* * * LOW HITPOINT WARNING * * *
Your Translocations skill increases to level 2!
Casting: Searing Ray (safe; 2% risk of failure)
Confirm with . or Enter, or press ? or * to list all spells.
The spell is extremely dangerous to miscast (28% risk of failure)!
Continue anyway?
You miscast Iskenderun's Mystic Blast.
You are very lightly contaminated with residual magic.
You are blasted with magical energy!
You die...

.# .# .#
##.## ....
# #..# #
#.#o.##r...
#.o@)......
#.#oo######
#. ...# $.
....# #.
...... #
.....###
##....#
##.#.#


You could see 4 orcs and a rat.

Vanquished Creatures
  An orc priest (D:3)
  Jessica (D:2)
  Natasha (D:1)
  Robin (D:2)
  4 gnolls
  2 adders (D:2)
  2 worms (D:2)
  A dart slug (D:1)
  5 ball pythons (D:2)
  An endoplasm (D:1)
  3 giant cockroaches (D:2)
  17 goblins
  3 hobgoblins
  A jackal (D:1)
  2 quokkas
  4 bats
  3 frilled lizards
  7 kobolds
  5 rats
64 creatures vanquished.

Notes
Turn   | Place    | Note
-------+----------+-------------------------------------------
     0 | D:1      | Ijustatesigmund the Octopode Conjurer began the quest for
                  | the Orb.
     0 | D:1      | Reached XP level 1. HP: 11/11 MP: 3/3
   710 | D:1      | Reached skill level 1 in Fighting
   710 | D:1      | Reached XP level 2. HP: 6/18 MP: 0/5
   765 | D:1      | Learned a level 2 spell: Searing Ray
  1189 | D:1      | Reached XP level 3. HP: 20/23 MP: 1/6
  1932 | D:2      | Noticed Jessica
  1937 | D:2      | Killed Jessica
  1938 | D:2      | Reached XP level 4. HP: 20/29 MP: 0/8
  2022 | D:2      | Noticed Natasha
  2034 | D:1      | Killed Natasha
  2386 | D:2      | Learned a level 4 spell: Iskenderun's Mystic Blast
  2587 | D:2      | Reached XP level 5. HP: 34/34 MP: 5/9
  2821 | D:2      | Reached skill level 1 in Translocations
  3177 | D:2      | Noticed Robin
  3550 | D:2      | Killed Robin
  3658 | D:3      | Killed by miscasting Iskenderun's Mystic Blast

Illustrated notes

Levels and vault maps discovered:
D:1:      dpeg_cavernosity, layout_basic, grunt_decor_fettered
D:2:      minmay_chambers_of_twos, layout_loops_ring, uniq_natasha,
          uniq_jessica, uniq_robin
D:3:      cheibrodos_thug_alley, layout_loops_ring,
          hellmonk_ecumenical_altar_zigzags, minmay_misc_feat_chi, uniq_sigmund

Skill      XL: |  1  2  3  4  5 |
---------------+----------------+-----
Fighting       | 1 2 |  2.3
Spellcasting   | 3 |  3.7
Translocations | 2 |  2.1
Dodging        | |  2.0
Stealth        | |  2.6
Conjurations   | |  4.7

Action                     |  1- 3 |  4- 6 || total
---------------------------+-------+-------++-------
  Melee: Unarmed           |    27 |    11 ||    38
         Constrict         |     4 |     2 ||     6
         Tentacles         |     6 |     4 ||    10
         Punch             |     1 |       ||     1
   Cast: Magic Dart        |    43 |    20 ||    63
         Searing Ray       |     1 |    11 ||    12
    Use: Scroll            |     3 |       ||     3
   Stab: Sleeping          |     3 |     1 ||     4
 Armour: Skin              |       |     5 ||     5
  Dodge: Dodged            |    10 |    22 ||    32

Table legend: (Time is in decaauts)
 A = Elapsed time spent in this place.
 B = Non-inter-level travel time spent in this place.
 C = Inter-level travel time spent in this place.
 D = Time resting spent in this place.
 E = Time spent auto-exploring this place.
 F = Levels seen in this place.
 G = Mean time per level.
                   A        B        C        D        E       F      G
               +--------+--------+--------+--------+--------+-----+--------+
         Total |   3658 |   3493 |    165 |    978 |   2171 |   3 | 1219.3 |
       Dungeon |   3658 |   3493 |    165 |    978 |   2171 |   3 | 1219.3 |
               +--------+--------+--------+--------+--------+-----+--------+

Top non-repeatable levels by time:
     D:1: 1935 daAuts
     D:2: 1717 daAuts
     D:3: 4 daAuts
